 Dungeon Crawl Stone Soup version 0.24-a0-355-gbe4061de67 (console) character file.

Game seed: 3885897407423297741

9077 Voker57 the Grand Scion (level 11, -3/82 HPs)
             Began as a Demonspawn Monk on May 24, 2019.
             Was a High Priest of Hepliaklqana.
             Slain by a spiny frog (16 damage)
             ... on level 1 of the Lair of Beasts.
             The game lasted 00:14:48 (10411 turns).

Voker57 the Grand Scion (Demonspawn Monk)          Turns: 10411, Time: 00:14:49

Health: -3/82      AC:  8    Str: 11      XL:     11   Next: 18%
Magic:  19/19      EV: 17    Int:  9 (11) God:    Hepliaklqana [*****.]
Gold:   414        SH:  0    Dex: 21 (22) Spells: 10/10 levels left

rFire    + . .     SeeInvis +   g - +4 flail (protect)
rCold    x . .     Gourm    .   (no shield)
rNeg     + + +     Faith    .   t - +1 ring mail "Cuuhenau" {*Drain rC- rN+++ MR++}
rPois    .         Spirit   .   h - +1 hat {SInv}
rElec    .         Reflect  .   (no cloak)
rCorr    .         Harm     .   (gloves unavailable)
MR       ++...                  (no boots)
Stlth    +.........             (no amulet)
HPRegen  0.23/turn              (no ring)
MPRegen  0.16/turn              (no ring)

@: lethally poisoned (-3 -> -19), very slightly contaminated, hasted, very quick
A: reduced essence, claws 3, hooves 2, horns 2, agile 1, demonic guardian 1,
fire resistance 1, flame cloud immunity, MP-powered wands
a: Recall Ancestor, Ancestor Identity, Transference, Idealise, Renounce Religion


You were on level 1 of the Lair of Beasts.
You worshipped Hepliaklqana.
Hepliaklqana was extremely pleased with you.
You were near starving.

You visited 2 branches of the dungeon, and saw 10 of its levels.

You collected 414 gold pieces.

Inventory:

Hand Weapons
 a - a +0 falchion
 g - a +4 flail of protection (weapon)
Armour
 b - a +0 robe
 h - a +1 hat of see invisible (worn)
 k - the +5 ring mail of Anaesthesia {+Inv rC+ Slay+2}
   (You found it on level 9 of the Dungeon)

   It affects your accuracy and damage with ranged weapons and melee attacks
   (+2).
   It protects you from cold.
   It lets you turn invisible.
 t - the +1 ring mail "Cuuhenau" (worn) {*Drain rC- rN+++ MR++}
   (You found it on level 7 of the Dungeon)

   It makes you vulnerable to cold.
   It renders you almost immune to negative energy.
   It affects your resistance to hostile enchantments.
   It causes draining when unequipped.
 x - a +0 helmet
Scrolls
 f - a scroll of fog
 m - 2 scrolls of identify
 q - 4 scrolls of magic mapping
Potions
 d - 2 potions of brilliance
 j - a potion of haste
 u - a potion of cancellation
 w - a potion of mutation
Comestibles
 c - 20 rations


   Skills:
 + Level 10.6 Fighting
 - Level 2.6 Long Blades
 + Level 4.9 Armour
 + Level 9.7 Dodging
 - Level 1.7 Stealth
 + Level 10.8 Invocations


You had 10 spell levels left.
You didn't know any spells.
Your spell library contained the following spells:

 Spells                   Type           Power        Failure   Level  Hunger
 Corona                   Hex            #......      65%         1    ##.....
 Magic Dart               Conj           #...         65%         1    ##.....
 Ensorcelled Hibernation  Hex/Ice        #.....       80%         2    ###....
 Searing Ray              Conj           #.....       80%         2    ###....
 Confuse                  Hex            #.......     95%         3    ####...
 Dazzling Spray           Conj/Hex       #.....       95%         3    ####...
 Tukima's Dance           Hex            #.......     95%         3    ####...
 Force Lance              Conj/Tloc      #.......     100%        4    #####..
 Fulminant Prism          Conj/Hex       #.........   100%        4    #####..
 Iskenderun's Mystic Bla  Conj           #.......     100%        4    #####..


Dungeon Overview and Level Annotations

Branches:
Dungeon (9/15)             Temple (0/1) D:4            Lair (1/6) D:8
    Orc (0/2) D:9

Altars:
Dithmenos
Elyvilon
Fedhas
Gozag
Hepliaklqana
Okawaru
Qazlal
Vehumet
Xom

Shops:
D:9 *

Annotations:
D:8 2 transporters
Lair:1 Fannar


Innate Abilities, Weirdness & Mutations

You have claws for hands.
You have hoof-like feet.
You have a pair of horns on your head.
A weak demonic guardian rushes to your aid.
Your flesh is heat resistant. (rF+)
You are immune to clouds of flame.
Your life essence is reduced to manifest your ancestor. (-10% HP)
You are agile. (Dex +2)
You expend magic power (3 MP) to strengthen your wands.


Message History

The water moccasin completely misses you.
Your quasit bites the water moccasin.
Your quasit claws the water moccasin but does no damage.
Your quasit claws the water moccasin.
Audrea gestures at the water moccasin while chanting.
The puff of frost hits the water moccasin!
The water moccasin bites Audrea!
Your quasit misses the water moccasin.
Your quasit claws the water moccasin but does no damage.
Your quasit claws the water moccasin.
The spiny frog stings you.
* * * LOW HITPOINT WARNING * * *
You are lethally poisoned!
The spiny frog poisons you!
You feel yourself speed up.
* * * LOW HITPOINT WARNING * * *
You feel sick.
The water moccasin closely misses your quasit.
Audrea hits the water moccasin with a +0 quarterstaff!
The water moccasin dies!
The ice beast misses your quasit. The spiny frog stings you!
You die...

. #......#.P...P## .##
#..........P... ..# ###
#...........#
#.#####P###...........#
#........###..........#
#...#.##.....#.......###
.##.#######........P...# ....#
.P#.....# #P###........###....###
.####...# #####...R$....#........
#####...# #...@..5Y...(.......P
......# #..FP.......§.......#
###....## ###...#..[.............
..#....# #P..%.#.......§........
..#....##.......#%#..............
..#.<...#.)>....##..#...##....Y.[
..#.............###..?#####...###
#.............#.. #...# ##.##
#..##.......#.P...#...# #.5####
##.......#.... ...#...P ##.$..#


You could see the friendly Audrea the battlemage, a spiny frog, an ice beast and
a friendly quasit.

Vanquished Creatures
  Pikel (D:8)
  2 hippogriffs (D:9)
  2 yaks (D:9)
  Eustachio (D:6)
  A human (D:7)
  A water moccasin (D:8)
  3 sky beasts (D:8)
  An ice beast (D:5)
  A phantom (D:8)
  2 orc warriors
  A black bear (D:7)
  3 ogres (D:7)
  A centaur (D:6)
  A bullfrog (D:8)
  A scorpion (D:9)
  2 crimson imps
  4 orc priests
  5 hounds
  A gnoll shaman (D:6)
  A jelly (D:8)
  5 orc wizards
  A centaur skeleton (D:4)
  An iguana (D:6)
  A hound zombie (D:9)
  4 gnolls
  7 adders
  A shadow imp (D:6)
  An ooze (D:2)
  An adder skeleton (D:8)
  2 worms
  2 dart slugs
  8 leopard geckos
  23 orcs
  5 giant cockroaches
  6 goblins
  8 hobgoblins
  5 jackals
  A quokka (D:7)
  2 ball pythons
  10 bats
  2 frilled lizards
  11 kobolds
  2 rats
144 creatures vanquished.

Vanquished Creatures (collateral kills)
  Gastronok (D:8)
  A troll (D:9)
  A hippogriff (D:8)
  Sigmund (D:6)
  4 yaks
  Edmund (D:6)
  A human (D:7)
  A water moccasin (Lair:1)
  2 ice beasts (D:7)
  2 sky beasts
  A black bear (D:8)
  A phantom (D:4)
  A swamp drake (D:9)
  3 orc warriors (D:9)
  A necrophage (D:8)
  4 ogres
  A centaur (D:6)
  A crocodile (D:9)
  A big kobold (D:8)
  5 bullfrogs
  2 scorpions
  2 howler monkeys
  6 crimson imps
  A quasit (D:8)
  8 orc priests
  2 hounds
  A bullfrog skeleton (D:4)
  Ijyb (D:5)
  5 orc wizards
  2 worker ants
  A howler monkey zombie (D:8)
  3 gnolls
  2 adders (D:4)
  A shadow imp (D:8)
  2 adder zombies
  32 orcs
  A giant cockroach (D:6)
  2 quokkas
  A ball python (D:3)
  2 kobolds (D:8)
111 creatures vanquished.

Vanquished Creatures (others)
  6 battlemagi
  An adder (D:8)
  A fungus (Lair:1)
8 creatures vanquished.

Grand Total: 263 creatures vanquished

Notes
Turn   | Place    | Note
-------+----------+-------------------------------------------
     0 | D:1      | Voker57 the Demonspawn Monk began the quest for the Orb.
     0 | D:1      | Reached XP level 1. HP: 18/18 MP: 1/1
   410 | D:1      | Gained mutation: You have a pair of small horns on your
                  | head. [demonic ancestry]
   410 | D:1      | Reached XP level 2. HP: 24/24 MP: 2/2
   819 | D:1      | Gained mutation: Your flesh is heat resistant. (rF+)
                  | [demonic ancestry]
   819 | D:1      | Reached XP level 3. HP: 29/29 MP: 3/3
  1062 | D:2      | Found a radiant altar of Vehumet.
  1225 | D:2      | Found a stormy altar of Qazlal.
  1244 | D:2      | Found a faded altar of an unknown god.
  1305 | D:2      | You fall into a shaft and drop 1 floor!
  1661 | D:2      | Gained mutation: A weak demonic guardian rushes to your
                  | aid. [demonic ancestry]
  1661 | D:2      | Reached XP level 4. HP: 10/37 MP: 4/4
  2116 | D:2      | Became a worshipper of Hepliaklqana the Forgotten
  2116 | D:2      | Reached * piety under Hepliaklqana
  2116 | D:2      | Reached ** piety under Hepliaklqana
  2117 | D:2      | Remembered your ancestor Audrea as a battlemage
  2200 | D:3      | Reached *** piety under Hepliaklqana
  2589 | D:3      | You fall into a shaft and drop 3 floors!
  2604 | D:6      | Noticed Edmund
  2617 | D:6      | Killed Edmund
  2617 | D:6      | Reached skill level 5 in Fighting
  2617 | D:6      | Gained mutation: You have sharp fingernails. [demonic
                  | ancestry]
  2617 | D:6      | Reached XP level 5. HP: 39/39 MP: 3/5
  2736 | D:6      | Gained mutation: You are immune to clouds of flame.
                  | [demonic ancestry]
  2736 | D:6      | Reached XP level 6. HP: 44/45 MP: 6/6
  2780 | D:6      | Found a shadowy altar of Dithmenos.
  2841 | D:6      | Reached skill level 5 in Dodging
  2908 | D:6      | Found a hazy altar of Hepliaklqana.
  2925 | D:6      | Noticed an orc warrior
  2929 | D:6      | Gained mutation: You have large cloven feet. [demonic
                  | ancestry]
  2929 | D:6      | Reached XP level 7. HP: 17/52 MP: 7/7
  2932 | D:6      | HP: 2/52 [orc priest/divine providence (15)]
  2954 | D:5      | Entered Level 5 of the Dungeon
  3244 | D:5      | Noticed Ijyb
  3255 | D:5      | Killed Ijyb
  3507 | D:5      | Found a blossoming altar of Fedhas.
  3591 | D:5      | Reached skill level 1 in Invocations
  3900 | D:5      | Found a shimmering altar of Xom.
  4116 | D:5      | Gained mutation: You have very sharp fingernails. [demonic
                  | ancestry]
  4116 | D:5      | Reached XP level 8. HP: 58/58 MP: 10/10
  4358 | D:4      | Reached **** piety under Hepliaklqana
  5007 | D:4      | Reached skill level 5 in Invocations
  5234 | D:4      | Found a staircase to the Ecumenical Temple.
  5461 | D:6      | Noticed Sigmund
  5473 | D:6      | Killed Sigmund
  5574 | D:6      | Noticed Eustachio
  5582 | D:6      | Killed Eustachio
  5964 | D:6      | Gained mutation: You have hoof-like feet. [demonic
                  | ancestry]
  5964 | D:6      | Reached XP level 9. HP: 66/66 MP: 13/13
  6967 | D:7      | Found an iron altar of Okawaru.
  7008 | D:7      | Got a faintly humming ring mail
  7010 | D:7      | Identified the cursed +1 ring mail "Cuuhenau" {*Drain rC-
                  | rN+++ MR++} (You found it on level 7 of the Dungeon)
  7436 | D:8      | Reached skill level 1 in Armour
  7442 | D:8      | Noticed Gastronok
  7456 | D:8      | HP: 4/102 [Gastronok (25)]
  7458 | D:8      | Killed Gastronok
  7458 | D:8      | Gained mutation: You have a pair of horns on your head.
                  | [demonic ancestry]
  7458 | D:8      | Reached XP level 10. HP: 5/75 MP: 15/17
  7996 | D:8      | Reached ***** piety under Hepliaklqana
  7999 | D:8      | Found a white marble altar of Elyvilon.
  8000 | D:8      | Noticed a wolf spider
  8206 | D:8      | Found a transporter.
  8217 | D:8      | Found a transporter.
  8223 | D:8      | Noticed Pikel
  8236 | D:8      | Killed Pikel
  8236 | D:8      | Reached skill level 10 in Fighting
  8248 | D:8      | Noticed a centaur warrior
  8288 | D:8      | Reached skill level 10 in Invocations
  8417 | D:8      | Found a staircase to the Lair.
  8945 | D:9      | Gained mutation: You are agile. (Dex +2) [potion of
                  | mutation]
  8945 | D:9      | Gained mutation: You expend magic power (3 MP) to
                  | strengthen your wands. [potion of mutation]
  9286 | D:9      | Got a scorched ring mail
  9287 | D:9      | Identified the +5 ring mail of Anaesthesia {+Inv rC+
                  | Slay+2} (You found it on level 9 of the Dungeon)
  9333 | D:9      | Gained mutation: You have claws for hands. [demonic
                  | ancestry]
  9333 | D:9      | Reached XP level 11. HP: 57/82 MP: 18/18
  9485 | D:9      | Found an opulent altar of Gozag.
  9566 | D:9      | Found Uxockaem's General Store.
  9632 | D:9      | Found a staircase to the Orcish Mines.
 10183 | Lair:1   | Entered Level 1 of the Lair of Beasts
 10224 | Lair:1   | Noticed Fannar
 10411 | Lair:1   | Slain by a spiny frog

Levels and vault maps discovered:
D:1:      dpeg_arrival_circle_labyrinth_a, layout_basic, minivault_11
D:2:      kb_forest_paths, layout_loops_ring, marbit_many_paths,
          chequers_ecumenical_altar_simple_redux, grunt_qazlal_clouds
D:3:      layout_loops_ring, first_ration
D:4:      layout_basic, minmay_temple_entry_butterflies
D:5:      layout_layer_cave, kennysheep_mini_moat, led_xom_imps, uniq_ijyb
D:6:      layout_basic, lemuel_crystal_altar, grunt_dithmenos_smoke,
          uniq_eustachio, uniq_edmund, uniq_sigmund
D:7:      layout_basic, okawaru_humans, minmay_crystal_water
D:8:      layout_layer_cave, gammafunk_temple_overflow_arena, dpeg_oklobed_lair,
          uniq_pikel, uniq_gastronok
D:9:      layout_big_octagon, grunt_gozag_breadcrumbs, erik_orc_1, serial_shops,
          shop
Lair:1:   layout_misc_corridors, uniq_fannar

Skill      XL: |  1  2  3  4  5  6  7  8  9 10 |
---------------+-------------------------------+-----
Dodging        | 3 4 5 6 7 8 9 |  9.7
Fighting       | 4 5 6 8 9 10 | 10.6
Invocations    | 3 6 9 10 | 10.8
Armour         | 2 4 |  4.9
Long Blades    | |  2.6
Stealth        | |  1.7

Action                   |  1- 3 |  4- 6 |  7- 9 | 10-12 || total
-------------------------+-------+-------+-------+-------++-------
Melee: Falchion          |   125 |    45 |       |       ||   170
       Headbutt          |    20 |     9 |    48 |    34 ||   111
       Flail             |       |    39 |   223 |   165 ||   427
       Kick              |       |       |    66 |    62 ||   128
Invok: Recall Ancestor   |       |     1 |     2 |     1 ||     4
       Ancestor Life: Ba |       |     1 |       |       ||     1
       Transference      |       |       |       |     1 ||     1
       Idealise          |       |       |       |     1 ||     1
Evoke: Wand              |       |       |       |     2 ||     2
  Use: Potion            |     1 |     2 |     4 |    10 ||    17
       Scroll            |       |       |     4 |    10 ||    14
 Stab: Sleeping          |     5 |     4 |     5 |       ||    14
       Invisible         |       |     2 |       |     1 ||     3
       Distracted        |       |     2 |     1 |     2 ||     5
  Eat: Chunk             |     2 |     1 |    14 |     2 ||    19
       Ration            |       |     1 |       |     2 ||     3
Armor: Robe              |    20 |    15 |    54 |       ||    89
       Skin              |       |     3 |       |       ||     3
       Ring mail         |       |       |     6 |    73 ||    79
Dodge: Dodged            |   104 |    79 |   263 |   228 ||   674
       Rpst.: Falchion   |    31 |     8 |       |       ||    39

Table legend:
 A = Non-vault XP
 B = Vault XP
 C = Vault XP percentage of total XP
 D = Non-vault monster count
 E = Vault monster count
 F = Vault count percentage of total count
                 A         B        C        D         E       F
            +---------+---------+-------+---------+---------+-------
      Total |    8496 |    4472 |  34.5 |     220 |      35 |  13.7
            +---------+---------+-------+---------+---------+-------
        D:1 |      46 |       0 |   0.0 |      29 |       0 |   0.0
        D:2 |      33 |      62 |  65.3 |      12 |       6 |  33.3
        D:3 |      34 |       0 |   0.0 |      10 |       0 |   0.0
        D:4 |     692 |       0 |   0.0 |      32 |       0 |   0.0
        D:5 |     425 |     194 |  31.3 |      15 |       5 |  25.0
        D:6 |    1028 |     584 |  36.2 |      31 |       3 |   8.8
        D:7 |    1346 |     332 |  19.8 |      31 |       2 |   6.1
        D:8 |    1958 |    2710 |  58.1 |      25 |       2 |   7.4
        D:9 |    2621 |     590 |  18.4 |      32 |      17 |  34.7
     Lair:1 |     313 |       0 |   0.0 |       3 |       0 |   0.0
            +---------+---------+-------+---------+---------+-------
